 Dungeon Crawl Stone Soup version 0.28.0-1-gb440e238dd (webtiles) character file.

Game seed: 245898875930930937

28 Aksej the Magician (level 3, -5/37 HPs)
             Began as a Djinni Fire Elementalist on Feb 22, 2022.
             Slain by Sigmund (9 damage)
             ... on level 2 of the Dungeon.
             The game lasted 00:03:06 (1024 turns).

Aksej the Magician (Djinni Fire Elementalist)       Turns: 1024, Time: 00:03:06

Health: -5/37      AC: 21    Str:  9    XL:     3   Next: 30%
Gold:   0          EV:  2    Int: 20    God:
                   SH:  0    Dex: 13

rFire   . . .      SeeInvis .   f - +0 dagger (venom)
rCold   . . .      Faith    .   (no shield)
rNeg    . . .      Spirit   .   (armour currently unavailable)
rPois   ∞          Reflect  .   (helmet currently unavailable)
rElec   .          Harm     .   (cloak currently unavailable)
rCorr   +          Rampage  .   (gloves currently unavailable)
Will    +....      NoTele   +   (boots unavailable)
Stlth   ++........              (no amulet)
HPRegen 0.12/turn               e - ring of resist corrosion
MPRegen 0.00/turn               (no ring)

@: tree-form
A: stationary, stasis, torment immunity, boosted hp, sickness immunity, (fire
resistance 2), (cold vulnerability 1), float, innate caster, HP casting, extra
vitality 1, clever 1, strong-willed 1, strong 1, wild magic 1
a: no special abilities


You were on level 2 of the Dungeon.
You were a tree.
You visited 1 branch of the dungeon, and saw 2 of its levels.

Inventory:

Hand Weapons
 f - a +0 dagger of venom (weapon)
Armour
 a - a +0 robe (melded)
 d - a +0 helmet (melded)
Jewellery
 e - a ring of resist corrosion (left branch)


   Skills:
 + Level 2.4 Dodging
 + Level 1.7 Stealth
 + Level 3.1 Spellcasting


You couldn't memorise any spells.
You knew the following spells:

 Your Spells              Type           Power      Damage    Failure   Level
a - Foxfire               Conj/Fire      80%        2x1d8     6%          1
b - Scorch                Fire           40%        2d7       10%         2
c - Conjure Flame         Conj/Fire      20%        6-21      17%         3
d - Inner Flame           Hex/Fire       20%        N/A       17%         3
e - Flame Wave            Conj/Fire      20%        2d7       45%         4
f - Beastly Appendage     Tmut           40%        N/A       6%          1
Your spell library was empty.

Dungeon Overview and Level Annotations

Branches:
Dungeon (1/15)

Altars:

Annotations:
D:2 Sigmund


Innate Abilities, Weirdness & Mutations

You are a tree.
Your roots penetrate the ground, keeping you stationary.
You cannot be teleported.
You are immune to unholy pain and torment.
Your maximum health is greatly increased.
Your equipment is partially melded.
You are immune to sickness and miasma.
You are immune to poison.
((Your flesh is very heat resistant. (rF++)))
((You are vulnerable to cold. (rC-)))
You float through the air rather than walking.
You learn spells naturally, not from books.
Your magical power is your life essence.
You have superior vitality. (+4 MHP)
Your mind is acute. (Int +2)
You are strong-willed. (Will+)
Your muscles are strong. (Str +2)
Your spells are a little harder to cast, but a little more powerful.


Message History

Your foxfire dissipates!
The foxfire hits Sigmund.
Sigmund is lightly wounded.
Casting: Foxfire (safe; 4% risk of failure)
Confirm with . or Enter, or press ? or * to list all spells.
You conjure some foxfire!
Your foxfire dissipates!
The foxfire hits Sigmund.
Sigmund is moderately wounded.
Sigmund mumbles some strange words.
Sigmund flickers and vanishes!
Deactivating autopickup; reactivate with Ctrl-A.
Casting: Foxfire (safe; 4% risk of failure)
Confirm with . or Enter, or press ? or * to list all spells.
You conjure some foxfire!
Your foxfire dissipates!
The foxfire hits something.
You miss something. Something hits you!
You closely miss something. Something hits you!
* * * LOW HITPOINT WARNING * * *
It was a potion of lignification.
You turn into a tree.
Your +0 helmet melds into your body.
Your +0 robe melds into your body.
Your roots penetrate the ground.
It was a potion of mutation.
You feel extremely strange.
You feel clever.
You feel stronger.
You feel strong-willed.
You feel less in control of your magic. Something hits you but does no damage.
You cannot move.
There are no items here.
You cannot move.
You cannot move.
You hit something.
You hear some strange, mumbled words.
A magic dart appears from out of thin air!
The magic dart hits you!
* * * LOW HITPOINT WARNING * * *
You hit something but do no damage. Something hits you but does no damage.
You hit something but do no damage. You miss something. Something hits you!
You die...

#...########.
#......#####.
#.......(....
#######..##......†
#........##..##.##
#.#####.###..##.#
#.# #.# #..##.##
#.# #.###.......
#♣# #...........
#{# ######.##(##
#.# #.##.# #.#
#.##.## #.#
#.##... #.#
#.##### #)# ##.##
#.# #####...####
#.# ...†.........


There were no monsters in sight!

Vanquished Creatures
  A worm (D:2)
  A dart slug (D:1)
  An orc (D:2)
  4 endoplasms
  2 giant cockroaches (D:1)
  4 goblins
  2 hobgoblins
  A ball python (D:2)
  2 bats
  A rat (D:2)
19 creatures vanquished.

Vanquished Creatures (others)
  72 foxfires
72 creatures vanquished.

Grand Total: 91 creatures vanquished

Notes
Turn   | Place    | Note
-------+----------+-------------------------------------------
     0 | D:1      | Aksej the Djinni Fire Elementalist began the quest for the
                  | Orb.
     0 | D:1      | Reached XP level 1. HP: 15/15 MP: 0/0
   302 | D:1      | Reached XP level 2. HP: 18/21 MP: 0/0
   647 | D:1      | You are sucked into a shaft and drop 1 floor!
   658 | D:2      | Reached skill level 3 in Spellcasting
   783 | D:2      | Reached XP level 3. HP: 24/25 MP: 0/0
   783 | D:2      | Learned a level 1 spell: Beastly Appendage
  1004 | D:2      | Noticed Sigmund
  1020 | D:2      | Gained mutation: Your mind is acute. (Int +2) [potion of
                  | mutation]
  1020 | D:2      | Gained mutation: Your muscles are strong. (Str +2) [potion
                  | of mutation]
  1020 | D:2      | Gained mutation: You are strong-willed. (Will+) [potion of
                  | mutation]
  1020 | D:2      | Gained mutation: Your spells are a little harder to cast,
                  | but a little more powerful. [potion of mutation]
  1024 | D:2      | Slain by Sigmund

Illustrated notes

Levels and vault maps discovered:
D:1:      dpeg_arrival_shrine, layout_basic
D:2:      layout_loops_ring, basic_ecumenical_altar, uniq_sigmund, uniq_natasha,
          uniq_terence

Skill      XL: |  1  2 |
---------------+-------+-----
Spellcasting   | 3 |  3.1
Dodging        | |  2.4
Stealth        | |  1.7

Action                   || total
-------------------------++-------
Melee: Dagger            ||     9
 Cast: Foxfire           ||    57
  Use: Potion            ||     2
Armor: Skin              ||     2
Dodge: Dodged            ||     3
